 Dungeon Crawl Stone Soup version 0.31.0-4-g52a2dc7128 (webtiles) character file.

Game seed: 7467656220873047645

72 MisterFreud the Conjurer (level 4, -1/30 HPs)
             Began as a Demonspawn Conjurer on Jan 22, 2024.
             Slain by a gnoll
             ... wielding a +0 club
              (6 damage)
             ... on level 2 of the Dungeon.
             The game lasted 00:03:20 (1459 turns).

MisterFreud the Conjurer (Demonspawn Conjurer)      Turns: 1459, Time: 00:03:20

Health: -1/30      AC:  8    Str:  7    XL:     4   Next: 7%
Magic:  1/7        EV: 12    Int: 21    God:
Gold:   53         SH:  0    Dex: 11    Spells: 4/7 levels left

rFire   . . .        n - +1 short sword (drain)
rCold   . . .        (no shield)
rNeg    + . .        a - +0 robe
rPois   .            (helmet restricted)
rElec   .            (no cloak)
rCorr   .            (no gloves)
SInv    .            (no boots)
Will    .....        (no amulet)
Stlth   ++++         f - ring of positive energy
HPRegen 0.25/turn    m - ring of Shadows {Umbra +Inv Stlth+}
MPRegen 0.10/turn

%: no passive effects
@: sanguine armoured, wreathed by umbra
A: horns 1, spiny 1, sanguine armour 1
a: Evoke Invisibility


You were on level 2 of the Dungeon.
You visited 1 branch of the dungeon, and saw 3 of its levels.

You collected 53 gold pieces.

Inventory:

Hand Weapons
 c - a +0 dagger
 n - a +1 short sword of draining (weapon)
Armour
 a - a +0 robe (worn)
Jewellery
 f - a ring of positive energy (left hand)
 h - a ring of see invisible
 j - a ring of fire
 m - the ring of Shadows (right hand) {Umbra +Inv Stlth+}
   (You found it on level 2 of the Dungeon)

   [ring of stealth]

   Umbra:     It surrounds you with an aura of shadow, increasing your stealth
   and reducing the accuracy of all others within it.
   +Inv:      It lets you turn invisible.
   Stlth+:    It makes you more stealthy.
Scrolls
 d - 2 scrolls of identify
 g - a scroll of blinking {unknown}
 i - a scroll of fear {unknown}
 k - a scroll of vulnerability {unknown}
 l - a scroll of revelation {unknown}
Potions
 b - a potion of magic
 e - a potion of mutation


   Skills:
 - Level 1.7 Dodging
 - Level 1.7 Stealth
 - Level 2.0 Spellcasting
 + Level 5.6 Conjurations


You had 4 spell levels left.
You knew the following spells:

 Your Spells              Type           Power      Damage    Failure   Level
a - Magic Dart            Conj           100%       1d8       1%          1
b - Searing Ray           Conj           50%        2d6       2%          2

Your spell library contained the following spells:

 Spells                   Type           Power      Damage    Failure   Level
 Fulminant Prism          Conj/Alch      7%         3d6       41%         4
 Iskenderun's Mystic Bla  Conj/Tloc      14%        2d5       41%         4


Dungeon Overview and Level Annotations

Branches:
Dungeon (3/15)

Altars:


Innate Abilities, Weirdness & Mutations

You have a pair of small horns on your head.
You are partially covered in sharp spines.
When seriously injured, your blood forms armour. (AC +6)


Message History

The gnoll is heavily wounded.
The gnoll shoots a sling bullet.
The sling bullet misses you. The gnoll hits you with a +0 flail.
* * * LOW HITPOINT WARNING * * *
A gnoll comes into view. It is wielding a +0 club.
The gnoll shouts!
There is a stone staircase leading down here.
The gnoll misses you.
You climb downwards.
Found a ring mail and 9 gold pieces.
Found a stone staircase leading down.
There is a stone staircase leading up here.
Casting: Magic Dart (safe; 1% risk of failure)
Confirm with . or Enter, or press ? or * to list all spells.
Aiming: Magic Dart (safe; 1% risk of failure)
Press: ? - help, Shift-Dir - straight line, f - gnoll
Aim: a gnoll, wielding a +0 flail and wearing a +0 chain mail (heavily wounded, heavily drained, umbra, 100% to hit)
The magic dart hits the gnoll but does no damage.
The gnoll is heavily wounded.
The gnoll hits you with a +0 flail.
* * * LOW HITPOINT WARNING * * *
You barely miss the gnoll. Your headbutt misses the gnoll.
The gnoll is heavily wounded.
The gnoll is struck by your spines. The gnoll misses you.
You hit the gnoll but do no damage. Your headbutt misses the gnoll.
The gnoll is severely wounded.
The gnoll hits you with a +0 flail.
* * * LOW HITPOINT WARNING * * *
You hit the gnoll.
The gnoll is almost dead.
The gnoll is struck by your spines.
You kill the gnoll!
You have reached level 4!
You feel clever.
Your demonic ancestry asserts itself...
You feel your blood ready itself to protect you.
Your blood congeals into armour.
You climb upwards.
The gnoll shoots a sling bullet.
The sling bullet closely misses you.
The sling bullet barely misses the gnoll.
The gnoll hits you with a +0 club.
You die...

...........##............#
..........####.........#..#
....#..##......>......##..#
....##.....#.........## ...
# #####.........###
g...######..........
#.......##g....###
......##.........# .....
##.....@g.#### ....
##..........?. ...
##.....#..... .. ##...##
#### . #####


You could see 2 gnolls.

Vanquished Creatures
  2 adders (D:2)
  2 gnolls
  A dart slug (D:2)
  3 ball pythons
  2 bats
  2 endoplasms
  6 giant cockroaches
  3 goblins (D:1)
  2 hobgoblins
  2 kobolds
  2 frilled lizards
  5 rats
32 creatures vanquished.

Notes
Turn   | Place    | Note
-------+----------+-------------------------------------------
     0 | D:1      | MisterFreud the Demonspawn Conjurer began the quest for the
                  | Orb.
     0 | D:1      | Reached XP level 1. HP: 13/13 MP: 3/3
     2 | D:1      | Noticed a spriggan
     2 | D:1      | Noticed a formicid
     4 | D:1      | Noticed a draconian
     4 | D:1      | Noticed an octopode
     6 | D:1      | Noticed a ghoul
     6 | D:1      | Noticed a minotaur
     8 | D:1      | Noticed a tengu
     8 | D:1      | Noticed a troll
    12 | D:1      | Noticed a demigod
    14 | D:1      | Noticed a demonspawn
    14 | D:1      | Noticed a vampire
    16 | D:1      | Noticed a djinni
    16 | D:1      | Noticed a naga
    18 | D:1      | Noticed a human
    18 | D:1      | Noticed a felid
    21 | D:1      | Noticed a vine stalker
    21 | D:1      | Noticed a barachi
    23 | D:1      | Noticed an oni
    25 | D:1      | Noticed a gargoyle
    27 | D:1      | Noticed a merfolk
    29 | D:1      | Noticed an armataur
    29 | D:1      | Noticed an elf
    73 | D:1      | Found a faded altar of an unknown god.
   351 | D:1      | Gained mutation: You have a pair of small horns on your
                  | head. [demonic ancestry]
   351 | D:1      | Reached XP level 2. HP: 16/19 MP: 1/5
   919 | D:2      | Reached skill level 5 in Conjurations
   922 | D:2      | Learned a level 2 spell: Searing Ray
   950 | D:2      | Gained mutation: You are partially covered in sharp spines.
                  | [demonic ancestry]
   950 | D:2      | Reached XP level 3. HP: 24/24 MP: 1/6
   967 | D:2      | Found the ring of Shadows {Umbra +Inv Stlth+}
  1458 | D:3      | Gained mutation: When seriously injured, your blood forms
                  | armour. (AC +6) [demonic ancestry]
  1458 | D:3      | Reached XP level 4. HP: 5/30 MP: 0/7
  1459 | D:2      | Slain by a gnoll

Illustrated notes

Levels and vault maps discovered:
D:1:      kb_arrival_jail, layout_basic, shapermc_ecumenical_altar_hornbeckon
D:2:      layout_rooms, st_stairs_10
D:3:      layout_basic, minmay_increasing_density

Skill      XL: |  1  2 |
---------------+-------+-----
Conjurations   | 5 |  5.6
Dodging        | |  1.7
Stealth        | |  1.7
Spellcasting   | |  2.0

Action                     |  1- 3 |  4- 6 || total
---------------------------+-------+-------++-------
  Melee: Dagger            |    26 |       ||    26
         Short sword       |     9 |       ||     9
         Headbutt          |     4 |       ||     4
         Punch             |     1 |       ||     1
   Cast: Magic Dart        |    65 |       ||    65
    Use: Scroll            |     1 |       ||     1
 Armour: Robe              |    16 |     1 ||    17
  Dodge: Dodged            |    32 |     1 ||    33
